 Dungeon Crawl Stone Soup version 0.24.1-14-gf8d2b509d9 (webtiles) character file.

Game seed: 10160206455280572386, levelgen mode: deterministic

94 Descartes the Shield-Bearer (level 4, 0/37 HPs)
             Began as a Formicid Fighter on May 18, 2020.
             Succumbed to a hobgoblin's poison
             ... on level 2 of the Dungeon.
             The game lasted 00:05:09 (1646 turns).

Descartes the Shield-Bearer (Formicid Fighter)      Turns: 1646, Time: 00:05:10

Health: 0/37       AC: 10    Str: 21    XL:     4   Next: 94%
Magic:  5/5        EV:  8    Int:  8    God:
Gold:   46         SH: 10    Dex: 12    Spells: 5/5 levels left

rFire    . . .     SeeInvis +   a - +0 long sword
rCold    . . .     Gourm    .   c - +0 shield
rNeg     . . .     Faith    .   b - +0 scale mail
rPois    .         Spirit   .   (helmet unavailable)
rElec    .         Reflect  .   (no cloak)
rCorr    .         Harm     .   h - +0 pair of gloves
MR       .....                  (no boots)
Stlth    ..........             (no amulet)
HPRegen  0.12/turn              i - ring of wizardry
MPRegen  0.09/turn              (no ring)

@: lethally poisoned (0 -> -21)
A: permanent stasis, dig shafts and tunnels, four strong arms, antennae 3,
hooves 1, iridescent scales 1, agile 1
a: Dig, Shaft Self


You were on level 2 of the Dungeon.
You were not hungry.

You visited 1 branch of the dungeon, and saw 2 of its levels.

You collected 46 gold pieces.

Inventory:

Hand Weapons
 a - a +0 long sword (weapon)
Missiles
 e - 62 stones (quivered)
Armour
 b - a +0 scale mail (worn)
 c - a +0 shield (worn)
 h - a +0 pair of gloves (worn)
Jewellery
 i - a ring of wizardry (left hand)
 q - a cursed ring of attention {unknown}
 r - a cursed amulet of inaccuracy {unknown}
Scrolls
 j - 4 scrolls of identify {unknown}
 l - a scroll of teleportation {unknown}
 m - a scroll of blinking {unknown}
 n - 2 scrolls of remove curse {unknown}
Potions
 d - a potion of might
Comestibles
 f - 4 rations
 g - a chunk of flesh


   Skills:
 + Level 4.1 Fighting
 - Level 2.0 Long Blades
 + Level 4.1 Armour
 * Level 4.7 Shields
 + Level 1.1 Spellcasting


You had 5 spell levels left.
You didn't know any spells.
Your spell library was empty.

Dungeon Overview and Level Annotations

Branches:
Dungeon (2/15)

Altars:
Nemelex Xobeh
Okawaru
Trog


Innate Abilities, Weirdness & Mutations

You cannot be hasted, slowed, berserked, paralysed or teleported.
You can dig through walls and to a lower floor.
Your four strong arms can wield two-handed weapons with a shield.
You have a pair of large antennae on your head. (SInv)
You have large cloven feet.
You are partially covered in iridescent scales. (AC +2)
You are agile. (Dex +2)


Message History

You feel very sick. You block the bat's attack. The bat closely misses you.
You closely miss the bat. Your kick misses the bat.
* * * LOW HITPOINT WARNING * * *
You feel very sick. You block the bat's attack.
* * * LOW HITPOINT WARNING * * *
You feel sick. The bat hits you but does no damage.
Items here: ( ) [ †† a +2 dagger of venom; 21 stones; a +0 plate armour; a hobgoblin corpse a frilled lizard corpse You hit the bat.
You kill the bat!
* * * LOW HITPOINT WARNING * * *
You feel very sick.
* * * LOW HITPOINT WARNING * * *
You feel sick.
You see here a bat corpse.
Okay, then.
You die...

. ## .. #< ... #.
.... # #. ..... .#
##
#....#########'###
#....'@)........>#
#....#####.......#
#....#####.......#
#........'......<#
##'#.#####.......#
#.# #.......# #.#
#..÷....#####
#.#.#
#####........
#.#.# #........


There were no monsters in sight!

Vanquished Creatures
  4 adders (D:2)
  2 oozes (D:2)
  A worm (D:2)
  2 dart slugs
  2 leopard geckos (D:1)
  6 bats
  A giant cockroach (D:2)
  8 goblins
  4 hobgoblins
  4 frilled lizards
  4 kobolds
  5 rats
43 creatures vanquished.

Notes
Turn   | Place    | Note
-------+----------+-------------------------------------------
     0 | D:1      | Descartes the Formicid Fighter began the quest for the Orb.
     0 | D:1      | Reached XP level 1. HP: 18/18 MP: 1/1
    70 | D:1      | Reached XP level 2. HP: 17/24 MP: 2/2
   408 | D:1      | Reached XP level 3. HP: 30/30 MP: 3/3
   624 | D:1      | Found a sparkling altar of Nemelex Xobeh.
   844 | D:2      | Reached XP level 4. HP: 37/37 MP: 4/4
  1095 | D:2      | Found an iron altar of Okawaru.
  1095 | D:2      | Found a bloodstained altar of Trog.
  1536 | D:2      | Reached skill level 1 in Spellcasting
  1635 | D:2      | Gained mutation: You are partially covered in iridescent
                  | scales. (AC +2) [potion of mutation]
  1635 | D:2      | Gained mutation: You have large cloven feet. [potion of
                  | mutation]
  1635 | D:2      | Gained mutation: You are agile. (Dex +2) [potion of
                  | mutation]
  1635 | D:2      | HP: 1/37 [poisoned by a hobgoblin]
  1645 | D:2      | HP: 1/37 [poisoned by a hobgoblin]
  1646 | D:2      | Succumbed to a hobgoblin's poison

Levels and vault maps discovered:
D:1:      dpeg_arrival_arbitrary_c, layout_basic, nemelex_diamond_rough_becter
D:2:      layout_basic, amethyst_overflow_temple_binary, first_ration

Skill      XL: |  1  2  3  4 |
---------------+-------------+-----
Shields        | 4 |  4.7
Fighting       | 4 |  4.1
Armour         | 4 |  4.1
Spellcasting   | 1 |  1.1
Long Blades    | |  2.0

Action                   |  1- 3 |  4- 6 || total
-------------------------+-------+-------++-------
Melee: Long sword        |   100 |    79 ||   179
       Kick              |       |     3 ||     3
  Use: Potion            |       |     4 ||     4
  Eat: Chunk             |       |     3 ||     3
Armor: Scale mail        |    43 |    41 ||    84
Dodge: Dodged            |    32 |    20 ||    52
Block: Shield            |    68 |    43 ||   111
       Rpst.: Long sword |    11 |     9 ||    20
